 Dungeon Crawl Stone Soup version 0.21.1-1-g345015f (webtiles) character file.

56610 vatarom the Spear-Bearer (level 14, -6/111 HPs)
             Began as a Demonspawn Gladiator on May 12, 2018.
             Was a High Priest of Yredelemnul.
             Mangled by a sixfirhy (12 damage)
             ... on level 2 of the Abyss.
             The game lasted 00:38:10 (17212 turns).

vatarom the Spear-Bearer (Demonspawn Gladiator)    Turns: 17212, Time: 00:38:11

Health: -6/111     AC: 16    Str: 18    XL:     14   Next: 42%
Magic:  23/23      EV: 17    Int: 10    God:    Yredelemnul [*****.]
Gold:   1614       SH:  2    Dex: 18    Spells: 13/13 levels left

rFire    + . .     SeeInvis .   D - +3 demon trident (venom)
rCold    . . .     Gourm    .   (no shield)
rNeg     + . .     Faith    .   K - +0 troll leather armour
rPois    +         Spirit   .   j - +2 helmet
rElec    .         Reflect  +   (no cloak)
rCorr    .         Harm     .   v - +2 pair of gloves
MR       +....                  m - +0 pair of boots (curse)
Stlth    ++........             u - +2 amulet of reflection
HPRegen  0.68/turn              a - ring of poison resistance
MPRegen  0.18/turn              N - ring of positive energy

@: about to teleport
A: hooves 2, molten scales 2, agile 1, fire resistance 1, ignite blood,
nightstalker 1, flame cloud immunity
a: Recall Undead Slaves, Injury Mirror, Animate Dead, Drain Life, Enslave Soul,
Renounce Religion


You were on level 2 of the Abyss.
You worshipped Yredelemnul.
Yredelemnul was extremely pleased with you.
You were not hungry.

You visited 3 branches of the dungeon, and saw 19 of its levels.
You visited the Abyss 1 time.
You also visited: Volcano.

You collected 1614 gold pieces.

Inventory:

Hand Weapons
 D - a +3 demon trident of venom (weapon)
Missiles
 d - a throwing net (quivered)
 k - 3 javelins of penetration
 M - 5 javelins of returning
Armour
 j - a +2 helmet (worn)
 m - a cursed +0 pair of boots (worn)
 v - a +2 pair of gloves (worn)
 K - a +0 troll leather armour (worn)
Jewellery
 a - a ring of poison resistance (left hand)
 u - a +2 amulet of reflection (around neck)
 E - an uncursed ring of flight
 N - a ring of positive energy (right hand)
Wands
 i - a wand of acid (9)
 B - a wand of polymorph (6)
 C - a wand of flame (41)
 F - a wand of paralysis (16)
 L - a wand of iceblast (17)
 O - a wand of enslavement (10)
Scrolls
 c - 4 scrolls of blinking
 h - 7 scrolls of fear
 o - 10 scrolls of identify
 s - a scroll of fog
 t - 10 scrolls of remove curse
 x - 5 scrolls of teleportation
 y - 3 scrolls of magic mapping
 z - a scroll of amnesia
 P - 2 scrolls of enchant armour
Potions
 g - 4 potions of invisibility
 l - 4 potions of resistance
 n - 5 potions of curing
 q - 2 potions of agility
 r - 3 potions of lignification
 w - 2 potions of haste
 G - 2 potions of brilliance
 I - 3 potions of ambrosia
Books
 b - the Volume of Ice
   (You found it on level 11 of the Dungeon)

   Spells                             Type                      Level
   a - Freeze                         Ice                          1
   b - Throw Icicle                   Conjuration/Ice              4
   c - Summon Ice Beast               Ice/Summoning                4
 e - a book of Battle

   Spells                             Type                      Level
   a - Infusion                       Charms                       1
   b - Shroud of Golubria             Charms/Translocation         2
   c - Song of Slaying                Charms                       2
   d - Spectral Weapon                Hexes/Charms                 3
   e - Regeneration                   Charms/Necromancy            3
 p - a book of Misfortune

   Spells                             Type                      Level
   a - Confusing Touch                Hexes                        1
   b - Confuse                        Hexes                        3
   c - Gell's Gravitas                Translocation                3
   d - Petrify                        Transmutation/Earth          4
   e - Metabolic Englaciation         Hexes/Ice                    5
   f - Yara's Violent Unravelling     Hexes/Transmutation          5
 H - a book of Minor Magic

   Spells                             Type                      Level
   a - Magic Dart                     Conjuration                  1
   b - Blink                          Translocation                2
   c - Call Imp                       Summoning                    2
   d - Slow                           Hexes                        2
   e - Conjure Flame                  Conjuration/Fire             3
   f - Mephitic Cloud                 Conjuration/Poison/Air       3
 J - a book of Power

   Spells                             Type                      Level
   a - Iskenderun's Battlesphere      Conjuration/Charms           5
   b - Venom Bolt                     Conjuration/Poison           5
   c - Bolt of Magma                  Conjuration/Fire/Earth       5
   d - Iron Shot                      Conjuration/Earth            6
   e - Orb of Destruction             Conjuration                  7
   f - Spellforged Servitor           Conjuration/Summoning        7
 Q - the Guide on Poison and Translocation
   (You found it on level 6 of the Lair of Beasts)

   Spells                             Type                      Level
   a - Apportation                    Translocation                1
   b - Blink                          Translocation                2
   c - Gell's Gravitas                Translocation                3
   d - Teleport Other                 Translocation                3
   e - Alistair's Intoxication        Transmutation/Poison         5
   f - Dispersal                      Translocation                6
Comestibles
 f - 14 rations


   Skills:
 - Level 10.4 Fighting
 + Level 14.3 Polearms
 * Level 6.9 Throwing
 + Level 9.3 Armour
 - Level 7.3 Dodging
 + Level 12.8 Invocations


You had 13 spell levels left.
You didn't know any spells.

Dungeon Overview and Level Annotations

Branches:
Dungeon (12/15)            Temple (1/1) D:7            Lair (6/6) D:11
  Swamp (0/4) Lair:4       Spider (0/4) Lair:3        Slime (0/5) Lair:5
    Orc (0/2) D:11

Altars:
Ashenzari
Cheibriados
Dithmenos
Elyvilon
Fedhas
Gozag
Hepliaklqana
Kikubaaqudgha
Makhleb
Nemelex Xobeh
Okawaru
Qazlal
Ru
Sif Muna
Trog
Uskayaw
Vehumet
Wu Jian
Xom
Yredelemnul
Zin
The Shining One
Jiyva

Shops:
D:11 =

Annotations:
D:10 exclusion: 2 oklob plants
D:12 Sonja


Innate Abilities, Weirdness & Mutations

You have hoof-like feet.
You are mostly covered in molten scales. (AC +3)
Your flesh is heat resistant. (rF+)
Your demonic aura causes spilled blood to erupt in flames.
You are slightly more attuned to the shadows.
You are immune to clouds of flame.
You are agile. (Dex +2)


Message History

The living lightning misses you.
The living lightning hits the raiju.
The raiju completely resists.
The raiju blinks!
The small abomination hits you!
* * * LOW HITPOINT WARNING * * *
The raiju is engulfed in blazing flames.
Unknown command.
Unknown command.
A neqoxec comes into view.
The sixfirhy misses you. x3; The neqoxec moves out of view.
The sixfirhy hits you but does no damage.
The raiju is engulfed in blazing flames.
The raiju bursts into living lightning!
The living lightning hits the sixfirhy.
The sixfirhy completely resists.
The living lightning hits you!
* * * LOW HITPOINT WARNING * * *
The raiju blinks! x2
You feel better. The sixfirhy hits you.
* * * LOW HITPOINT WARNING * * *
The sixfirhy shocks you!
You die...
Your body rises from the dead as a mindless zombie.

#..........
#....#.....#
#......#... #
#......... ...
#..h.......#
#...(.... .#
#ยง.h.......
#.x3h.!... .
##@#.###.####
#.............#.#
#...............
##.#.........###
#. ##..##..### #
#..# #.# # #..#
#.# . . #.# # . .
.. # #


You could see a sixfirhy, 3 raiju and a small abomination.

Vanquished Creatures
  Nessos (Lair:5)
  The ghost of KaZZacH the Cleaver, a journeyman MiBe of Trog (D:11)
  5 hydras
  4 two-headed ogres
  2 death yaks (Lair:6)
  Urug (Lair:4)
  A swamp dragon (Lair:4)
  5 wizards (Volcano)
  A large abomination (Abyss:2)
  A phantasmal warrior (Lair:6)
  A lindwurm (Lair:6)
  An oklob plant (Lair:3)
  2 slime creatures (D:12)
  3 toenail golems (Volcano)
  9 elephants
  A centaur zombie (D:11)
  6 black mambas
  10 spiny frogs
  4 torpor snails (Lair:6)
  A smoke demon (Abyss:2)
  A death yak zombie (Lair:6)
  4 komodo dragons
  2 tyrant leeches (Lair:6)
  A hydra zombie (D:12)
  7 hornets
  2 trolls
  16 blink frogs
  3 hippogriffs
  11 dream sheep
  A black mamba zombie (Lair:5)
  9 flying skulls
  3 redbacks (Lair:6)
  28 yaks
  A spriggan (D:7)
  3 wraiths
  9 wyverns (Lair:6)
  4 basilisks
  2 hungry ghosts (D:11)
  11 water moccasins
  4 spiny frog zombies
  A hell hound (Lair:2)
  2 porcupines
  2 hornet zombies (Lair:6)
  2 ice beasts
  A sky beast (D:8)
  4 orc warriors
  3 dream sheep zombies (Lair:6)
  2 elephant zombies
  2 black bears
  A lindwurm zombie (Lair:6)
  4 blink frog zombies
  A phantom (D:4)
  A necrophage (D:6)
  5 ogres
  9 wolves
  2 centaurs (D:5)
  16 crocodiles
  2 komodo dragon zombies
  13 bullfrogs
  A hippogriff zombie (Lair:1)
  3 wyvern zombies (Lair:6)
  4 water moccasin zombies
  A wyvern skeleton (D:7)
  3 scorpions
  A polar bear zombie (Lair:4)
  3 yak zombies
  A wight (D:11)
  16 killer bees
  7 howler monkeys
  A wolf zombie (Lair:2)
  A bullfrog zombie (D:5)
  6 crimson imps
  4 hounds
  6 jellies
  5 orc priests
  9 orc wizards
  A basilisk zombie (Lair:6)
  4 bullfrog skeletons
  11 worker ants
  2 iguanas
  2 killer bee zombies
  5 crocodile zombies
  2 hound zombies
  A worker ant zombie (D:11)
  A howler monkey zombie (D:11)
  12 gnolls
  8 adders
  2 shadow imps
  An iguana zombie (Lair:4)
  An adder skeleton (D:5)
  An adder zombie (D:8)
  3 worms
  3 leopard geckos
  36 orcs
  7 bats
  5 giant cockroaches
  3 goblins
  10 hobgoblins
  6 jackals (D:1)
  A quokka (D:3)
  A ball python skeleton (D:3)
  8 frilled lizards
  10 kobolds
  An orc zombie (D:11)
  A quokka skeleton (D:9)
  10 rats
  3 fungi
  8 plants
497 creatures vanquished.

Vanquished Creatures (collateral kills)
  Gastronok (Lair:1)
  An ice dragon (Lair:6)
  A dancing weapon (Volcano)
  A catoblepas (Lair:6)
  A death yak (Lair:6)
  A lindwurm (Lair:6)
  An oklob plant (Lair:6)
  A wolf spider (Lair:6)
  A black mamba (Lair:5)
  2 elephants
  A guardian serpent (Lair:6)
  2 toenail golems (Volcano)
  3 spiny frogs (Lair:6)
  A torpor snail (Lair:6)
  A komodo dragon (Lair:4)
  3 hornets (Lair:6)
  A tyrant leech (Lair:6)
  2 polar bears (Lair:4)
  7 blink frogs
  A dream sheep (Lair:6)
  6 yaks
  2 redbacks (Lair:6)
  5 wyverns (Lair:6)
  3 porcupines
  A hell hound (Lair:2)
  4 water moccasins
  An ogre (D:12)
  A wolf (Lair:3)
  2 crocodiles
  2 bullfrogs (Lair:3)
  A killer bee (D:10)
  3 orc priests
  A bullfrog skeleton (D:10)
  An orc wizard (D:8)
  An iguana (Lair:4)
  3 orcs
  2 rats (D:9)
  8 fungi
  17 plants
97 creatures vanquished.

Vanquished Creatures (others)
  A phantasmal warrior (Lair:6)
  A black mamba zombie (Lair:6)
  9 flying skulls
  A human zombie (Volcano)
  2 spiny frog zombies
  2 hornet zombies (Lair:6)
  A dream sheep zombie (Lair:6)
  4 blink frog zombies
  A torpor snail zombie (Lair:6)
  2 wyvern zombies (Lair:6)
  A water moccasin zombie (Lair:6)
  3 yak zombies
  A wolf zombie (Lair:3)
  A spectral orc (D:12)
  2 killer bee zombies
  2 scorpion zombies
  3 orc zombies
  10 fungi
  17 plants
64 creatures vanquished.

Grand Total: 658 creatures vanquished

Notes
Turn   | Place    | Note
-------+----------+-------------------------------------------
     0 | D:1      | vatarom the Demonspawn Gladiator began the quest for the Orb.
     0 | D:1      | Reached XP level 1. HP: 16/16 MP: 1/1
   127 | D:1      | Gained mutation: You have large cloven feet. [demonic ancestry]
   127 | D:1      | Reached XP level 2. HP: 22/22 MP: 2/2
   147 | D:1      | Reached skill level 3 in Polearms
   643 | D:1      | Reached XP level 3. HP: 27/28 MP: 3/3
  1582 | D:2      | Gained mutation: You are partially covered in molten scales. (AC +2) [demonic ancestry]
  1582 | D:2      | Reached XP level 4. HP: 34/34 MP: 4/4
  2209 | D:3      | Gained mutation: You are mostly covered in molten scales. (AC +3) [demonic ancestry]
  2209 | D:3      | Reached XP level 5. HP: 40/40 MP: 5/5
  2228 | D:3      | Found a shadowy altar of Dithmenos.
  2260 | D:3      | Reached skill level 4 in Polearms
  2721 | D:3      | Noticed an ogre
  2726 | D:3      | Killed an ogre
  3033 | D:4      | Gained mutation: You are slightly more attuned to the shadows. [demonic ancestry]
  3033 | D:4      | Reached XP level 6. HP: 19/47 MP: 6/6
  3436 | D:4      | Reached skill level 5 in Polearms
  3436 | D:4      | Reached skill level 5 in Dodging
  3436 | D:4      | Gained mutation: Your flesh is heat resistant. (rF+) [demonic ancestry]
  3436 | D:4      | Reached XP level 7. HP: 46/53 MP: 7/7
  3862 | D:5      | Entered Level 5 of the Dungeon
  4623 | D:5      | Reached skill level 6 in Polearms
  4623 | D:5      | Reached XP level 8. HP: 50/61 MP: 8/8
  5064 | D:6      | Reached skill level 5 in Fighting
  5357 | D:7      | Noticed a hippogriff
  5376 | D:7      | Killed a hippogriff
  5376 | D:7      | Reached skill level 7 in Polearms
  5639 | D:7      | Reached XP level 9. HP: 66/68 MP: 9/9
  5679 | D:7      | Found a staircase to the Ecumenical Temple.
  5689 | Temple   | Entered the Ecumenical Temple
  5771 | Temple   | Became a worshipper of Yredelemnul the Dark
  6071 | D:8      | Reached skill level 1 in Invocations
  6092 | D:8      | Gained mutation: You are agile. (Dex +2) [potion of mutation]
  6092 | D:8      | Gained mutation: You have hoof-like feet. [potion of mutation]
  6119 | D:8      | Reached skill level 1 in Armour
  6392 | D:8      | Noticed a two-headed ogre
  6405 | D:8      | Killed a two-headed ogre
  6405 | D:8      | Reached skill level 8 in Polearms
  6599 | D:8      | Reached * piety under Yredelemnul
  7298 | D:8      | Gained mutation: You are immune to clouds of flame. [demonic ancestry]
  7298 | D:8      | Reached XP level 10. HP: 54/77 MP: 13/13
  7310 | D:8      | Reached ** piety under Yredelemnul
  7724 | D:9      | Reached skill level 9 in Polearms
  7752 | D:9      | Noticed a two-headed ogre
  7763 | D:9      | Killed a two-headed ogre
  7763 | D:9      | Reached skill level 5 in Invocations
  8117 | D:9      | Found an ornate altar of the Wu Jian Council.
  8354 | D:9      | Noticed a moth of wrath
  8402 | D:9      | Found a bloodstained altar of Trog.
  8630 | D:10     | Entered Level 10 of the Dungeon
  8685 | D:10     | Found a blossoming altar of Fedhas.
  8688 | D:10     | Noticed an oklob plant
  8688 | D:10     | Noticed an oklob plant
  8930 | D:10     | Reached *** piety under Yredelemnul
  9461 | D:10     | Identified 2 scrolls of acquirement
  9487 | D:10     | Got a bloodstained cloak
  9493 | D:10     | Identified the +1 cloak of Trumpets {*Slow rElec rCorr} (You acquired it on level 10 of the Dungeon)
  9957 | D:11     | Found a labyrinth entrance.
 10033 | D:11     | Reached skill level 10 in Polearms
 10157 | D:11     | Noticed KaZZacH's ghost (journeyman MiBe)
 10208 | D:11     | Killed KaZZacH's ghost
 10264 | D:11     | Identified the Volume of Ice
 10271 | D:11     | Found a shattered altar of Ashenzari.
 10345 | D:11     | Gained mutation: Your demonic aura causes spilled blood to erupt in flames. [demonic ancestry]
 10345 | D:11     | Reached XP level 11. HP: 81/86 MP: 16/16
 10563 | D:11     | Reached skill level 5 in Armour
 10571 | D:11     | Received a gift from Yredelemnul (a wight)
 10581 | D:11     | Found a staircase to the Orcish Mines.
 10652 | D:11     | Noticed a two-headed ogre
 10659 | D:11     | Killed a two-headed ogre
 10665 | D:11     | Found a staircase to the Lair.
 10730 | D:11     | Found Raurhac's Jewellery Boutique.
 10820 | D:11     | Noticed a two-headed ogre
 10826 | D:11     | Killed a two-headed ogre
 10946 | D:11     | Reached **** piety under Yredelemnul
 10946 | D:11     | Reached skill level 11 in Polearms
 11092 | D:12     | Noticed a seven-headed hydra
 11123 | Lair:1   | Entered Level 1 of the Lair of Beasts
 11131 | Lair:1   | Noticed a six-headed hydra
 11137 | Lair:1   | Killed a six-headed hydra
 11176 | Lair:1   | Received a gift from Yredelemnul (5 flying skulls)
 11229 | Lair:1   | Noticed Gastronok
 11241 | Lair:1   | Killed Gastronok
 11390 | Lair:1   | Reached XP level 12. HP: 94/95 MP: 18/18
 11802 | Lair:2   | Found a dark tunnel.
 11803 | Lair:2   | Got a heavily runed ring mail
 11826 | Lair:2   | Identified the +2 ring mail "Uqeeruoc" {rCorr} (You found it on level 2 of the Lair of Beasts)
 11845 | Volcano  | Entered a volcano
 11916 | Volcano  | Received a gift from Yredelemnul (4 flying skulls)
 11984 | Volcano  | Reached skill level 12 in Polearms
 12048 | Volcano  | Reached skill level 10 in Invocations
 12710 | Lair:3   | Reached skill level 10 in Fighting
 12736 | Lair:3   | Reached ***** piety under Yredelemnul
 12801 | Lair:3   | Found a hole to the Spider Nest.
 12812 | Lair:3   | Received a gift from Yredelemnul (a wraith)
 13033 | Lair:3   | Noticed a six-headed hydra
 13037 | Lair:3   | Killed a six-headed hydra
 13166 | Lair:3   | Reached XP level 13. HP: 102/103 MP: 21/21
 13171 | Lair:3   | Received a gift from Yredelemnul (5 flying skulls)
 13348 | Lair:4   | Reached skill level 13 in Polearms
 13352 | Lair:4   | Noticed Urug
 13361 | Lair:4   | Killed Urug
 13993 | Lair:4   | Found a staircase to the Swamp.
 14628 | Lair:5   | Found a staircase to the Slime Pits.
 14629 | Lair:5   | Found a viscous altar of Jiyva.
 14637 | Lair:5   | Received a gift from Yredelemnul (a wraith)
 14703 | Lair:5   | Noticed Nessos
 14717 | Lair:5   | Killed Nessos
 14960 | Lair:5   | Got a twisted ring mail
 14971 | Lair:5   | Identified the +2 ring mail of the Blizzard {Dex+4 Stlth+} (You found it on level 5 of the Lair of Beasts)
 15151 | Lair:5   | Got a distressingly furry chain mail
 15162 | Lair:5   | Identified the +6 chain mail of Keajuak {Dex+4} (You found it on level 5 of the Lair of Beasts)
 15324 | Lair:6   | Entered Level 6 of the Lair of Beasts
 15393 | Lair:6   | Received a gift from Yredelemnul (a phantasmal warrior)
 15571 | Lair:6   | Received a gift from Yredelemnul (a phantasmal warrior)
 15668 | Lair:6   | Reached skill level 5 in Throwing
 15774 | Lair:6   | Reached skill level 14 in Polearms
 15782 | Lair:6   | Mutation became permanent: You have large cloven feet. [demonic ancestry]
 15782 | Lair:6   | Gained mutation: You have hoof-like feet. [demonic ancestry]
 15782 | Lair:6   | Reached XP level 14. HP: 111/111 MP: 17/23
 15809 | Lair:6   | Received a gift from Yredelemnul (4 flying skulls)
 15886 | Lair:6   | Found a runed door.
 16038 | Lair:6   | Paralysed by a hornet for 1 turns
 16179 | Lair:6   | Received a gift from Yredelemnul (a skeletal warrior)
 16200 | Lair:6   | Identified the Guide on Poison and Translocation
 16822 | D:12     | Received a gift from Yredelemnul (a flayed ghost)
 16863 | D:12     | Noticed Sonja
 17059 | D:12     | Cast into level 2 of the Abyss (Sonja)
 17211 | Abyss:2  | HP: 5/111 [raiju/living lightning (16)]
 17212 | Abyss:2  | Mangled by a sixfirhy

Skill      XL: |  1  2  3  4  5  6  7  8  9 10 11 12 13 14 |
---------------+-------------------------------------------+-----
Polearms       | 3 4 5 6 7 8 10 11 12 14 | 14.3
Dodging        | 3 4 5 7 |  7.3
Fighting       | 3 4 5 6 7 9 10 | 10.4
Invocations    | 4 7 9 11 12 | 12.8
Armour         | 3 4 6 7 8 9 |  9.3
Throwing       | 5 6 |  6.9

Action                   |  1- 3 |  4- 6 |  7- 9 | 10-12 | 13-15 || total
-------------------------+-------+-------+-------+-------+-------++-------
Melee: Trident           |   120 |    54 |       |       |       ||   174
       Kick              |    26 |    31 |    88 |     2 |       ||   147
       Spear             |       |    96 |   146 |       |       ||   242
       Halberd           |       |       |   243 |   148 |       ||   391
       Demon trident     |       |       |       |   391 |   440 ||   831
       Bardiche          |       |       |       |     1 |       ||     1
Throw: Throwing net      |       |       |     8 |     1 |       ||     9
Invok: Animate Remains   |       |       |       |    16 |       ||    16
       Animate Dead      |       |       |       |    32 |    39 ||    71
       Recall Undead Sla |       |       |       |     7 |     8 ||    15
       Drain Life        |       |       |       |     1 |     4 ||     5
       Enslave Soul      |       |       |       |       |     2 ||     2
  Use: Scroll            |     1 |     3 |     5 |    17 |     3 ||    29
       Potion            |       |     4 |    10 |     3 |     4 ||    21
 Stab: Sleeping          |       |     3 |     8 |    15 |     4 ||    30
       Held in net/web   |       |       |     3 |     2 |       ||     5
       Invisible         |       |       |       |     8 |       ||     8
       Distracted        |       |       |       |     9 |     7 ||    16
  Eat: Chunk             |     2 |     3 |     5 |       |       ||    10
       Ration            |       |     1 |     2 |    14 |     7 ||    24
Armor: Leather armour    |    38 |    28 |    93 |    14 |       ||   173
       Skin              |       |       |    47 |       |       ||    47
       Troll leather arm |       |       |       |    93 |    83 ||   176
Dodge: Dodged            |    70 |    54 |   241 |   340 |   171 ||   876
Block: Other             |       |     5 |    23 |    26 |    13 ||    67
